Map: Romanticide LE

Players

A.I. 1 (Very Easy)

  • Race: Zerg Zerg

Atreyu - Winner!

  • Race: Terran Terran
  • League: Master

VOD

Have the link to the VOD?

Description

Time

  • Played on: June 14, 2021, 9:13 p.m.
  • Length: 10:29
Show
View Real Time Build Order
Export as new Build Order

A.I. 1 (Very Easy) Zerg 

Build Orders: Pool Only 

Get SALT Encoding   

  6  0:00  Drone  
  13  0:12  Overlord  
  13  0:16  Drone  
  14  0:34  Spawning Pool  
  13  0:37  Drone  
  13  0:41  Extractor  
  13  0:44  Drone  
  14  0:52  Overlord  
  14  1:22  Queen, Zergling x2  
  17  1:31  Roach Warren  
  16  1:32  Extractor  
  16  1:36  Drone  
  16  1:40  Zergling x2  
  16  1:43  Drone  
  18  1:58  Drone, Zergling x2  
  20  2:08  Drone  
  21  2:19  Drone  
  22  2:29  Drone  
  23  2:30  Overlord  
  23  2:36  Drone  
  24  2:43  Drone  
  25  4:35  Zergling x2  
  25  4:53  Queen  
  25  4:56  Drone  
  25  4:57  Zergling x2  
  24  5:03  Drone  
  19  5:10  Drone  
  14  5:15  Zergling x2  
  14  5:18  Drone  
  11  5:25  Drone  
  9  5:32  Queen  
  9  5:39  Drone  
  5  5:59  Zergling x2  
  6  6:09  Lair  
  2  7:08  Overseer x2, Queen  
  4  7:48  Queen  
  3  8:26  Zergling x2  
  3  8:27  Queen  
  4  8:37  Drone  
  5  8:48  Drone  
  6  8:55  Drone, Zergling x2  
  8  8:59  Spire, Drone  
  8  9:06  Drone  
  9  9:36  Drone  
  10  9:50  Drone  
  6  10:00  Drone  
Show
View Real Time Build Order
Export as new Build Order

Atreyu Terran - Winner!

Build Orders: Liberator Opening, Reaper Expand 

Get SALT Encoding   

  6  0:00  SCV  
  13  0:12  SCV  
  14  0:16  Supply Depot  
  14  0:24  SCV  
  15  0:38  SCV  
  15  0:40  Barracks  
  16  0:43  Refinery  
  16  0:50  SCV  
  17  1:02  SCV  
  18  1:14  SCV  
  19  1:27  Reaper, Orbital Command  
  20  1:38  Command Center  
  20  1:49  Supply Depot  
  20  1:53  SCV  
  21  1:59  Marine  
  22  2:05  SCV, Factory  
  23  2:14  Refinery  
  23  2:18  SCV  
  23  2:22  Barracks Reactor  
  24  2:30  SCV  
  25  2:42  SCV  
  26  2:51  Starport  
  26  2:53  Orbital Command  
  26  2:54  SCV  
  27  3:03  Hellion x2  
  31  3:06  Barracks Tech Lab  
  31  3:08  Supply Depot  
  31  3:09  SCV  
  32  3:19  SCV  
  33  3:21  SCV  
  33  3:24  Hellion x2  
  38  3:30  Liberator  
  38  3:31  SCV  
  38  3:33  SCV  
  43  3:43  SCV  
  43  3:45  Supply Depot  
  43  3:46  SCV, Hellion x2  
  49  3:49  Stimpack  
  49  3:55  SCV  
  50  3:58  SCV  
  51  4:07  SCV  
  51  4:09  Command Center  
  52  4:11  SCV  
  53  4:18  Barracks  
  53  4:19  SCV  
  53  4:20  Barracks  
  53  4:24  Factory Reactor, SCV  
  55  4:29  Supply Depot  
  55  4:31  SCV  
  55  4:33  Engineering Bay  
  55  4:37  Engineering Bay  
  56  4:38  SCV  
  56  4:40  Starport Tech Lab  
  56  4:44  SCV  
  58  4:46  Refinery  
  58  4:50  SCV, Refinery  
  59  4:56  SCV  
  60  5:02  SCV  
  60  5:05  Terran Infantry Weapons Level 1  
  60  5:06  Terran Infantry Armor Level 1  
  61  5:08  SCV  
  61  5:12  Starport Reactor, Marine x2  
  61  5:13  Marine  
  65  5:14  Siege Tank  
  65  5:15  SCV  
  65  5:18  Marine  
  65  5:20  SCV, Marine  
  72  5:21  Orbital Command  
  72  5:28  SCV  
  73  5:29  Supply Depot  
  73  5:30  Marine x2  
  73  5:31  Marine  
  73  5:32  Combat Shield  
  76  5:36  Marine  
  76  5:38  Marine, Supply Depot  
  78  5:45  Orbital Command  
  78  5:47  Siege Tank  
  78  5:48  Marine x2  
  78  5:49  Marine  
  84  5:50  SCV  
  84  5:51  SCV  
  84  5:52  Medivac  
  84  5:53  Medivac  
  84  5:54  Marine  
  91  5:58  Supply Depot  
  91  6:02  SCV, Supply Depot  
  92  6:05  Marine  
  92  6:06  Marine  
  92  6:08  Marine x2  
  92  6:09  SCV  
  97  6:11  Marine  
  97  6:14  SCV  
  97  6:16  SCV  
  97  6:17  Armory  
  100  6:22  Siege Tank  
  100  6:23  Marine  
  100  6:24  Marine  
  105  6:26  SCV x2, Marine  
  105  6:28  SCV  
  105  6:29  Marine  
  105  6:30  Medivac  
  105  6:31  Medivac  
  114  6:35  Supply Depot  
  114  6:37  Marine, Supply Depot  
  114  6:38  SCV  
  116  6:41  Marine  
  117  6:50  Barracks  
  117  6:51  Barracks  
  117  6:57  SCV x3, Marine x2, Siege Tank  
  117  6:58  Marine x2  
  117  6:59  Marine  
  117  7:00  Supply Depot  
  128  7:04  Supply Depot  
  128  7:07  Terran Infantry Weapons Level 2  
  128  7:09  SCV  
  128  7:10  Terran Infantry Armor Level 2  
  128  7:15  SCV, Marine  
  131  7:24  SCV  
  131  7:25  SCV  
  131  7:27  Supply Depot  
  133  7:31  Siege Tank, Supply Depot  
  133  7:32  Factory  
  133  7:33  SCV  
  133  7:37  Refinery x2, SCV  
  138  7:38  Marine  
  138  7:39  Marine x4  
  138  7:40  Barracks Reactor x2  
  138  7:42  SCV  
  144  7:53  Medivac  
  144  7:56  Marine x3  
  144  7:58  Command Center, Supply Depot  
  149  8:02  Marine  
  150  8:07  Marine  
  150  8:08  Terran Vehicle Weapons Level 1, Barracks  
  150  8:09  Barracks x2  
  150  8:10  SCV x3  
  154  8:13  Supply Depot  
  154  8:18  Marine x5  
  159  8:22  Siege Tank  
  159  8:23  Marine x2  
  159  8:24  Marine  
  159  8:26  Marine  
  166  8:28  Factory Tech Lab  
  163  8:36  Marine x3  
  163  8:37  Marine  
  167  8:42  Supply Depot  
  167  8:44  Marine  
  167  8:45  Supply Depot  
  167  8:46  Marine x2  
  167  8:47  Siege Tank  
  173  8:49  Concussive Shells  
  173  8:52  Marine x2  
  173  8:53  Medivac  
  173  8:54  Medivac  
  173  8:55  Marine  
  180  8:56  Barracks Tech Lab x2  
  180  8:57  Barracks Tech Lab, Marine  
  181  9:04  SCV x3, Marine, Siege Tank  
  181  9:08  Marine x2  
  190  9:12  Marauder  
  190  9:13  Marine x2  
  190  9:14  Marine  
  190  9:16  Marauder x2  
  199  9:17  Marine  
  200  9:37  Barracks  
  200  9:45  Factory Reactor  
  200  9:46  Command Center  
  200  9:47  Barracks  
  200  10:05  Refinery, Ghost Academy  
  200  10:07  Refinery  
  200  10:11  Factory  
Tags
 
Add a new tag
Caveats
  • Supply blocks, unpowered buildings, or Contaminate may cause inaccurate times.
  • Supply counts are checked every 10 seconds.